 Dungeon Crawl Stone Soup version 0.17.1-3-g152610e (webtiles) character file.

129073 Ladykiller69 the Severer (level 17, -12/130 HPs)
             Began as a Formicid Fighter on Nov 7, 2015.
             Was the Champion of Cheibriados.
             Killed from afar by a Hell Sentinel (48 damage)
             ... with a blast of hellfire
             ... summoned by a deep elf demonologist
             ... on level 3 of the Elven Halls on Apr 22, 2016.
             The game lasted 02:40:37 (22993 turns).

Ladykiller69 the Severer (Formicid Fighter)        Turns: 22993, Time: 02:40:37

Health: -12/130    AC: 37    Str: 42    XL:     17   Next: 60%
Magic:  26/26      EV: 17    Int: 24    God:    Cheibriados [******]
Gold:   2992       SH: 25    Dex: 25    Spells: 4 memorised, 9 levels left

rFire  . . .     SeeInvis +     a - +3 executioner's axe (freeze)
rCold  . . .     Clarity  .     U - +10 plate armour {ponderous}
rNeg   . . .     SustAt   .     G - +0 large shield {AC+3}
rPois  .         Gourm    .     (helmet unavailable)
rElec  .         Spirit   .     D - +1 cloak
rCorr  .         Warding  .     u - +0 pair of gloves
rMut   .         Stasis   +     z - +2 pair of boots {Stlth+}
MR     ++...                    Q - amulet of regeneration
Stlth  ..........               O - ring of protection from magic
                                (no ring)

@: studying Armour, drained, very slow, very resistant to hostile enchantments,
extremely unstealthy
A: permanent stasis, dig shafts and tunnels, four strong arms, antennae 3
a: Dig, Shaft Self, Bend Time, Temporal Distortion, Slouch, Step From Time,
Renounce Religion


You were on level 3 of the Elven Halls.
You worshipped Cheibriados.
Cheibriados was exalted by your worship.
You were not hungry.

You visited 5 branches of the dungeon, and saw 28 of its levels.
You also visited: Labyrinth, Bailey and Ice Cave.

You collected 3280 gold pieces.
You spent 288 gold pieces at shops.

Inventory:

Hand Weapons
 a - a +3 executioner's axe of freezing (weapon)
 r - a +1 flail of crushing
Missiles
 f - 15 javelins of returning
 k - a throwing net
 I - 2 javelins (quivered)
 K - 17 tomahawks
Armour
 u - a +0 pair of gloves (worn)
 z - a +2 pair of boots of stealth (worn)
 D - a +1 cloak (worn)
 G - a +0 large shield of protection (worn)
 U - a +10 plate armour of ponderousness (worn)
Rods
 E - a +3 rod of inaccuracy (13/13)
   (You found it in a labyrinth)
Jewellery
 c - an uncursed amulet of faith
 h - an uncursed ring of wizardry
 i - an uncursed ring of positive energy
 v - an uncursed ring of sustain attributes
 N - an uncursed ring of positive energy
 O - a ring of protection from magic (right hand)
 Q - an amulet of regeneration (around neck)
 R - an uncursed ring of protection from fire
 S - an uncursed ring of wizardry
 Z - the ring "Qoenk" {Fire Str+4}
   (You found it in a labyrinth)

   [ring of fire]

   It enhances your fire magic, and weakens your ice magic.
   It affects your strength (+4).
   It protects you from fire.
   It makes you vulnerable to cold.
Scrolls
 w - 3 scrolls of amnesia
 y - 4 scrolls of magic mapping
 A - 2 scrolls of fear
 C - 8 scrolls of enchant armour
 F - 8 scrolls of remove curse
 H - 8 scrolls of identify
 J - a scroll of recharging
 P - 2 scrolls of fog
Potions
 d - 2 potions of might
 g - 7 potions of heal wounds
 l - 16 potions of curing
 m - a potion of brilliance
 n - 4 potions of magic
 o - 2 potions of ambrosia
 p - 5 potions of resistance
 q - 3 potions of invisibility
 t - 4 potions of lignification
 B - 5 potions of agility
 V - a potion of flight
Books
 b - a manual of
Armour
 L - a book of Maledictions

   Spells                             Type                      Level
   a - Corona                         Hexes                        1
   b - Ensorcelled Hibernation        Hexes/Ice                    2
   c - Confuse                        Hexes                        3
   d - Tukima's Dance                 Hexes                        3
   e - Dazzling Spray                 Conjuration/Hexes            3
Miscellaneous
 x - a phial of floods
 T - a crystal ball of energy
Comestibles
 e - 11 bread rations
 j - 14 meat rations
 s - a slice of pizza
 M - a chunk of flesh


   Skills:
 + Level 10.8(10.5) Fighting
 + Level 18.5(18.2) Axes
 + Level 14.7(14.3) Armour
 + Level 8.6(8.3) Dodging
 * Level 14.4(14.1) Shields
 - Level 13.0(12.6) Invocations


You had 9 spell levels left.
You knew the following spells:

 Your Spells              Type           Power        Failure   Level  Hunger
a - Summon Butterflies    Summ           #.......     65%         1    ##.....
b - Apportation           Tloc           #.........   65%         1    ##.....
c - Shroud of Golubria    Chrm/Tloc      #.........   86%         2    ###....
d - Portal Projectile     Tloc           #.....       99%         3    ####...


Dungeon Overview and Level Annotations

Branches:
Dungeon (12/15)            Temple (1/1) D:5            Lair (8/8) D:10
 Shoals (0/4) Lair:6       Spider (0/4) Lair:3        Slime (0/6) Lair:6
    Orc (4/4) D:11            Elf (3/3) Orc:3

Altars:
Cheibriados
Dithmenos
Gozag
Kikubaaqudgha
Makhleb
Okawaru
Sif Muna
Trog
Xom
Zin
The Shining One
Beogh
Jiyva

Shops:
D:4 }   Orc:4 [[[?   Elf:3 !

Portals:
Trove: D:10 (give horn of Geryon)

Annotations:
D:8 exclusion: oklob plant


Innate Abilities, Weirdness & Mutations

You are under a permanent stasis effect.
You can dig through walls and to a lower floor.
Your four strong arms can wield two-handed weapons with a shield.
You have a pair of large antennae on your head (SInv).


Message History

The deep elf sorcerer completely misses you.
You slice the deep elf sorcerer like a ripe choko!!!
You freeze the deep elf sorcerer.
You kill the deep elf sorcerer!
Cheibriados thoroughly appreciates the change of pace.
You completely miss the Hell Sentinel. The Hell Sentinel gestures at you.
The hellfire explodes!
The blast of hellfire engulfs you!
* * * LOW HITPOINT WARNING * * *
The blast of hellfire engulfs the Hell Sentinel.
The Hell Sentinel completely resists.
You hear a shout! x2
You barely miss the Hell Sentinel. You block the Hell Sentinel's attack.
You block the Hell Sentinel's attack.
You barely miss the Hell Sentinel. The Hell Sentinel closely misses you.
You block the Hell Sentinel's attack.
You hit the Hell Sentinel but do no damage.
The Hell Sentinel gestures at you.
The hellfire explodes!
The blast of hellfire engulfs you!
You die...

{{. ... #.# #.# #.# ###.#
##1#.# #@#{.# ###.###
########...###
#...##.....^.###
#.<.#...(......#
#...#..........# #
#...#..........# ###
#####...###........# #..
#.#...8...'........######..


You could see a Hell Sentinel.

Vanquished Creatures
  A deep elf blademaster (Elf:2)
  A deep elf sorcerer (Elf:3)
  Maud (D:11)
  3 deep elf demonologists
  A deep elf annihilator (Elf:3)
  The ghost of juanjsm the Unseen, a journeyman SpEn of Ashenzari (Lair:8)
  A minotaur (Lab)
  A fire dragon (Lair:8)
  2 deep elf high priests
  Josephine (D:11)
  2 ogre magi (Orc:4)
  Harold (Orc:3)
  A catoblepas (Lair:8)
  8 hydras
  An ice dragon (Lair:6)
  15 dancing weapons (Elf:2)
  18 death yaks (Lair:8)
  17 deep elf knights
  8 deep elf summoners
  2 deep trolls (Orc:4)
  2 orc knights (Orc:2)
  A lindwurm (Lair:6)
  4 hill giants
  3 cyclopes
  3 griffons
  9 deep elf conjurers
  2 orc sorcerers
  2 manticores (Lair:8)
  7 elephants
  A kobold demonologist (D:10)
  7 black mambas
  5 gargoyles
  12 spiny frogs
  11 komodo dragons
  8 deep elf priests
  3 demonic crawlers (Elf:2)
  16 blink frogs
  8 two-headed ogres
  11 trolls
  5 fire drakes
  4 polar bears (Lair:6)
  3 boulder beetles
  6 trapdoor spiders (Lab)
  4 wyverns
  5 wraiths
  A shadow (D:11)
  45 yaks
  14 deep elf magi
  19 deep elf fighters
  4 basilisks
  7 hippogriffs
  3 steam dragons (Lair:8)
  14 hungry ghosts
  6 wolves
  2 vampire mosquitoes (Elf:2)
  3 mottled dragons (Lair:8)
  15 water moccasins
  3 wargs
  8 porcupines
  4 sky beasts
  31 orc warriors
  A soldier ant (D:10)
  3 phantoms
  A black bear (D:6)
  6 spiders (Lair:3)
  9 ice beasts
  An eye of draining (D:11)
  30 ogres
  11 centaurs
  6 big kobolds (D:11)
  20 giant frogs
  15 crocodiles
  A water moccasin skeleton (D:4)
  2 wyvern skeletons
  3 killer bees (D:10)
  4 scorpions
  3 wights (D:9)
  6 hounds
  3 quasits
  5 crimson imps
  An electric eel (Lair:4)
  The ghost of BLOAX the Insei, a weakling TeTm (D:3)
  A giant frog skeleton (D:10)
  3 centaur skeletons
  25 orc priests
  13 jellies
  A gnoll shaman (D:5)
  12 iguanas
  Jessica (D:2)
  Terence (D:3)
  33 sheep
  3 worker ants
  2 hell rats (Lair:7)
  19 orc wizards
  A hound zombie (D:7)
  3 ogre skeletons (Lab)
  2 hound skeletons
  2 worker ant zombies
  18 gnolls
  15 adders
  4 shadow imps
  76 river rats
  14 oozes
  2 worms
  An adder zombie (D:8)
  4 giant geckos
  150 orcs
  10 ball pythons
  5 bats
  13 goblins
  9 hobgoblins
  19 jackals
  6 quokkas
  5 giant cockroaches
  A giant newt (D:1)
  17 kobolds
  22 rats
  8 fungi
  12 plants
1072 creatures vanquished.

Vanquished Creatures (others)
  A spiny frog (Lair:8)
  A deep elf fighter (Elf:2)
  A river rat (Lair:4)
  50 fungi
  37 plants
90 creatures vanquished.

Grand Total: 1162 creatures vanquished

Notes
Turn   | Place    | Note
--------------------------------------------------------------
     0 | D:1      | Ladykiller69 the Formicid Fighter began the quest for the Orb.
     0 | D:1      | Reached XP level 1. HP: 18/18 MP: 1/1
   166 | D:1      | Reached XP level 2. HP: 20/24 MP: 2/2
   355 | D:1      | You fall through a shaft!
   358 | D:2      | Noticed Jessica
   362 | D:2      | Killed Jessica
   362 | D:2      | Reached XP level 3. HP: 29/29 MP: 3/3
   509 | D:1      | Reached skill level 4 in Shields
   573 | D:1      | Reached XP level 4. HP: 36/36 MP: 4/4
  1385 | D:3      | Reached XP level 5. HP: 42/42 MP: 5/5
  1431 | D:3      | Noticed BLOAX's ghost (weakling TeTm)
  1497 | D:3      | Noticed Terence
  1514 | D:3      | Killed Terence
  1592 | D:3      | Reached XP level 6. HP: 46/49 MP: 6/6
  2108 | D:4      | Found Seygh's Gadget Emporium.
  2154 | D:3      | Killed BLOAX's ghost
  2207 | D:3      | Reached skill level 5 in Shields
  2207 | D:3      | Reached XP level 7. HP: 52/55 MP: 7/7
  2465 | D:4      | Reached skill level 5 in Axes
  2541 | D:4      | Reached skill level 5 in Fighting
  2671 | D:4      | Found a shimmering altar of Xom.
  2780 | D:5      | Entered Level 5 of the Dungeon
  2816 | D:5      | Found a staircase to the Ecumenical Temple.
  2822 | Temple   | Entered the Ecumenical Temple
  2826 | Temple   | Became a worshipper of Cheibriados the Contemplative
  3031 | D:5      | Reached skill level 5 in Armour
  3031 | D:5      | Reached XP level 8. HP: 43/62 MP: 8/8
  3095 | D:5      | Reached skill level 6 in Axes
  3801 | D:6      | Found a glowing silver altar of Zin.
  3846 | D:6      | Reached * piety under Cheibriados
  3846 | D:6      | Reached skill level 7 in Axes
  4078 | D:6      | You fall through a shaft!
  4132 | D:7      | Reached XP level 9. HP: 66/68 MP: 9/9
  4179 | D:6      | Reached skill level 8 in Axes
  4829 | D:7      | You fall through a shaft for 3 floors!
  4829 | D:10     | Entered Level 10 of the Dungeon
  4832 | D:10     | Found a portal to a secret trove of treasure.
  4860 | D:10     | Reached skill level 9 in Axes
  5079 | D:10     | Reached ** piety under Cheibriados
  5083 | D:10     | You fall through a shaft for 2 floors!
  5456 | D:11     | Noticed a gargoyle
  5463 | D:10     | Found a staircase to the Lair.
  5463 | D:10     | Noticed an elephant
  5466 | D:10     | You fall through a shaft!
  5482 | D:11     | Reached skill level 10 in Axes
  5492 | D:11     | Reached XP level 10. HP: 43/74 MP: 10/10
  5798 | D:10     | Reached skill level 11 in Axes
  5867 | D:10     | You fall through a shaft!
  6273 | D:9      | Reached skill level 12 in Axes
  6611 | D:8      | Reached *** piety under Cheibriados
  7160 | D:7      | Reached **** piety under Cheibriados
  7205 | D:8      | Reached XP level 11. HP: 73/80 MP: 11/11
  7249 | D:8      | Reached skill level 13 in Axes
  7567 | D:8      | Reached ***** piety under Cheibriados
  7598 | D:8      | Noticed an oklob plant
  7979 | D:8      | Found a bloodstained altar of Trog.
  8077 | D:9      | Found a burning altar of Makhleb.
  8077 | D:9      | Found an iron altar of Okawaru.
  8078 | D:9      | Found a shadowy altar of Dithmenos.
  8083 | D:9      | Found an ancient bone altar of Kikubaaqudgha.
  8134 | D:9      | Found a glowing golden altar of the Shining One.
  8328 | D:9      | Reached skill level 14 in Axes
  8553 | D:10     | Reached ****** piety under Cheibriados
  8572 | D:11     | Noticed a kobold demonologist
  8572 | D:11     | Noticed a kobold demonologist
  8588 | D:10     | Killed a kobold demonologist
  8604 | D:10     | Killed an elephant
  8890 | D:10     | Upgraded the game from 0.17.0-1-g61d176b to 0.17.1-3-g152610e
  9196 | D:11     | Noticed a hill giant
  9200 | D:11     | Killed a hill giant
  9200 | D:11     | Reached skill level 15 in Axes
  9217 | D:11     | Noticed Maud
  9252 | D:11     | Killed Maud
  9252 | D:11     | Reached XP level 12. HP: 18/86 MP: 10/12
  9588 | D:11     | Found a staircase to the Orcish Mines.
  9588 | D:11     | Noticed a troll
  9620 | D:11     | Killed a troll
  9733 | Orc:1    | Entered Level 1 of the Orcish Mines
  9748 | Orc:1    | Reached skill level 16 in Axes
  9821 | Orc:1    | Found a flagged portal.
  9870 | Orc:1    | Reached skill level 1 in Invocations
  9900 | Bailey   | Entered a bailey
 10499 | Bailey   | Reached skill level 1 in Dodging
 11533 | Orc:3    | Found a staircase to the Elven Halls.
 11756 | D:11     | Noticed Josephine
 11760 | D:11     | Killed Josephine
 11765 | D:11     | Reached XP level 13. HP: 90/93 MP: 16/16
 12019 | D:11     | Noticed a gargoyle
 12022 | D:11     | Noticed a cyclops
 12024 | D:11     | Killed a gargoyle
 12033 | D:11     | Killed a cyclops
 12033 | D:11     | Reached skill level 5 in Invocations
 12208 | Lair:1   | Entered Level 1 of the Lair of Beasts
 12420 | Lair:1   | Reached skill level 10 in Shields
 12445 | Lair:1   | Found a labyrinth entrance.
 12461 | Lab      | Entered a labyrinth
 12569 | Lab      | Found an exit through the horrors of the Abyss.
 13422 | Lab      | Found an exit through the horrors of the Abyss.
 13818 | Lab      | Noticed a minotaur
 13826 | Lab      | Killed a minotaur
 13831 | Lab      | Got a pitted pewter ring
 13842 | Lab      | Identified the ring "Qoenk" {Fire Str+4} (You found it in a labyrinth)
 13946 | Lair:1   | Reached skill level 17 in Axes
 14132 | Lair:1   | Identified a +3 rod of inaccuracy (13/13) (You found it in a labyrinth)
 14142 | Lair:1   | You fall through a shaft!
 14728 | Lair:2   | You fall through a shaft for 2 floors!
 15186 | Lair:3   | Found a hole to the Spider Nest.
 15457 | Lair:3   | Reached XP level 14. HP: 103/103 MP: 19/19
 15565 | Lair:4   | Learned a level 1 spell: Summon Butterflies
 15567 | Lair:4   | Learned a level 1 spell: Apportation
 16631 | Lair:6   | Found a staircase to the Shoals.
 16652 | Lair:6   | Found a frozen archway.
 16746 | IceCv    | Entered an ice cave
 16961 | Lair:6   | Learned a level 2 spell: Shroud of Golubria
 16965 | Lair:6   | Learned a level 3 spell: Portal Projectile
 17180 | Lair:6   | Found a runed door.
 17181 | Lair:6   | Found a viscous altar of Jiyva.
 17186 | Lair:6   | Found a staircase to the Slime Pits.
 17292 | Lair:7   | Reached skill level 5 in Dodging
 17433 | Lair:7   | You fall through a shaft!
 17433 | Lair:8   | Entered Level 8 of the Lair of Beasts
 17457 | Lair:8   | Reached skill level 10 in Armour
 17777 | Lair:8   | Reached skill level 10 in Invocations
 17784 | Lair:8   | Reached XP level 15. HP: 89/111 MP: 22/22
 18828 | Lair:8   | Noticed juanjsm's ghost (journeyman SpEn)
 18849 | Lair:8   | Killed juanjsm's ghost
 19324 | Lair:8   | Reached skill level 18 in Axes
 19824 | Lair:8   | Identified a scroll of acquirement
 19867 | Lair:8   | Reached XP level 16. HP: 115/120 MP: 24/24
 20212 | Orc:3    | Noticed Harold
 20230 | Orc:3    | Killed Harold
 20429 | Orc:3    | Found a roughly hewn altar of Beogh.
 20490 | Orc:4    | Entered Level 4 of the Orcish Mines
 20723 | Orc:4    | Found Okovoal's Antique Armour Emporium.
 20724 | Orc:4    | Found Seibekan's Antique Armour Emporium.
 20741 | Orc:4    | Found Gozea's Magic Scroll Boutique.
 20743 | Orc:4    | Bought an embroidered cloak for 90 gold pieces
 20766 | Orc:4    | Found Bup Yton's Armour Shoppe.
 20770 | Orc:4    | Bought a scroll of identify for 32 gold pieces
 20770 | Orc:4    | Bought 3 scrolls of identify for 96 gold pieces
 20971 | Elf:1    | Entered Level 1 of the Elven Halls
 21120 | Elf:1    | Reached skill level 10 in Fighting
 21407 | Elf:2    | Found a huge runed gate.
 21407 | Elf:2    | Found a huge runed gate.
 21407 | Elf:2    | Found a huge runed gate.
 21408 | Elf:2    | Found a huge runed gate.
 21409 | Elf:2    | Found a huge runed gate.
 21446 | Elf:2    | Noticed a deep elf blademaster
 21454 | Elf:2    | Killed a deep elf blademaster
 21535 | Elf:2    | Reached XP level 17. HP: 124/129 MP: 26/26
 21989 | Elf:3    | Entered Level 3 of the Elven Halls
 22080 | Elf:3    | Found Debuju's Distillery.
 22088 | Elf:3    | Bought a potion of heal wounds for 70 gold pieces
 22733 | Elf:3    | Noticed an Ice Fiend
 22973 | Elf:3    | Noticed an Executioner
 22975 | Elf:3    | Noticed a Hell Sentinel
 22993 | Elf:3    | Killed from afar by a Hell Sentinel

Action                   |  1- 3 |  4- 6 |  7- 9 | 10-12 | 13-15 | 16-18 || total
-------------------------+-------+-------+-------+-------+-------+-------++-------
Melee: War axe           |    67 |   211 |   409 |   858 |       |       ||  1545
       Battleaxe         |       |       |       |   155 |  1140 |       ||  1295
       Halberd           |       |       |       |    22 |       |       ||    22
       Staff             |       |       |       |       |    51 |       ||    51
       Flail             |       |       |       |       |    36 |     7 ||    43
       Executioner's axe |       |       |       |       |     8 |   430 ||   438
 Cast: Summon Butterflie |       |       |       |       |     1 |       ||     1
Invok: Bend Time         |       |       |     1 |     2 |       |       ||     3
       Temporal Distorti |       |       |       |       |     2 |       ||     2
       Step From Time    |       |       |       |       |     1 |       ||     1
       Slouch            |       |       |       |       |     1 |       ||     1
 Abil: Dig               |       |     7 |    18 |    36 |    30 |    11 ||   102
       Shaft Self        |       |       |     3 |     1 |     2 |       ||     6
Evoke: Rod               |       |       |       |       |     4 |       ||     4
  Use: Scroll            |       |       |       |    19 |    18 |     1 ||    38
       Potion            |       |       |       |       |     1 |     1 ||     2
  Eat: Chunk             |       |     5 |    11 |    20 |    13 |    10 ||    59
       Beef jerky        |       |       |     1 |       |       |       ||     1
       Bread ration      |       |       |       |     1 |     4 |       ||     5
       Pizza             |       |       |       |       |     3 |       ||     3
       Royal jelly       |       |       |       |       |     1 |       ||     1
